[Event "FICS Team League T30"]
[Site "FICS, San Jose, California USA"]
[Date "2006.05.03"]
[Time "07:34:26"]
[Round "4"]
[White "yonailo"]
[Black "zcomcon"]
[WhiteElo "1777"]
[BlackElo "1715"]
[TimeControl "2700+45"]
[Mode "ICS"]
[Result "0-1"]

1. e4 e5 2. Nf3 Nc6 3. Bb5 a6 4. Ba4 Nf6 5. O-O Be7 6. Re1 b5 7. Bb3 O-O
8. a4 Bb7 9. c3 d6 10. d4 Re8 11. Nbd2 h6 12. Bc2 Bf8 13. Nf1 exd4 14. cxd4
Nb4 15. Ng3 Nxc2 16. Qxc2 c5 17. dxc5 dxc5 18. Be3 Nxe4 19. Rad1 Qc7 20. Nxe4
Bxe4 21. Qc3 Bxf3 22. gxf3 c4 23. b3 Bd6 24. bxc4 Bxh2+ 25. Kg2 Be5 26. Bd4
Bxd4 27. Rxe8+ Rxe8 28. Qxd4 Qxc4 29. axb5 Qxd4 30. Rxd4 axb5 31. Kf1 Rb8
32. Ke2 g6 33. Kd3 Kg7 34. Kc3 h5 35. Kb4 g5 36. f4 f6 37. f5 g4 38. Rd6
Re8 39. Kxb5 Re5+ 40. Kc4 Rxf5 41. Rd2 Rf3 42. Kd4 Kg6 43. Ke4 f5+ 44. Ke5
Kg5 45. Rd8 Rxf2 46. Rg8+ Kh4 47. Kf6 f4 48. Kf5 g3 49. Ke4 Kh3 50. Rg5
h4 51. Kf5 Kh2 52. Rh5 h3 53. Kg4 g2 54. Rxh3+ Kg1 55. Ra3 Kf1 56. Kh3 Re2
57. Rf3+ Rf2 58. Ra3 Ke2 59. Ra2+ Ke3 60. Ra3+ Kd4 61. Kh2 Ke4 62. Ra1 Kf3
63. Ra3+ Kg4 64. Ra4 Re2 65. Rb4 Kf3 66. Rb3+ Kf2 67. Rb1 f3 68. Ra1 Re1
69. Ra2+ Kf1 70. Kg3 Re3 71. Rf2+ Ke1 72. Ra2 g1=Q+ 73. Kf4 Rd3 74. Ra1+
Rd1
{White resigns} 0-1

[Event "FICS Team League T30"]
[Site "FICS, San Jose, California USA"]
[Date "2006.05.06"]
[Time "10:30:04"]
[Round "4"]
[White "Maras"]
[Black "Benkology"]
[WhiteElo "2170"]
[BlackElo "2143"]
[TimeControl "2700+45"]
[Mode "ICS"]
[Result "1-0"]

1. d4 f5 2. Bg5 g6 3. Nc3 d5 4. h4 Bg7 5. Qd2 Be6 6. g3 Nd7 7. Nh3 c6 8. O-O-O
h6 9. Bf4 b5 10. f3 b4 11. Nb1 a5 12. Nf2 Bf7 13. g4 e5 14. dxe5 Nxe5 15. Bxe5
Bxe5 16. Nd3 Bg7 17. gxf5 gxf5 18. Bh3 Qf6 19. e4 dxe4 20. fxe4 Ne7 21. e5
Qe6 22. Rhg1 Rg8 23. Nf4 Qxa2 24. Qd6 a4 25. Rxg7 Rxg7 26. e6 Bg6 27. Bxf5
Nxf5 28. Qxc6+ Ke7 29. Nd5+ Qxd5 30. Rxd5 Re8 31. h5 Bh7 32. Rd7+ Kf6 33. Rxg7
Nxg7 34. Qxa4 Rxe6 35. Qxb4 Kg5 36. Qb7 Nxh5 37. Qxh7 Re1+ 38. Kd2 Rxb1
39. b4 Nf4 40. Qe7+ Kg4 41. Qg7+ Kf3 42. Qb7+ Kg4 43. c4 h5 44. c5 h4 45. c6
h3 46. c7 Rb2+ 47. Kc3 Rf2 48. c8=Q+ Kg3 49. Qg8+ Kh2 50. Qc7 Kh1 51. Qc6+
Rg2 52. Qf3 Ne2+ 53. Kc4 Ng1 54. Qgxg2+
{Black resigns} 1-0

[Event "FICS Team League T30"]
[Site "FICS, San Jose, California USA"]
[Date "2006.05.06"]
[Time "05:45:33"]
[Round "4"]
[White "lodda"]
[Black "Anagramm"]
[WhiteElo "1888"]
[BlackElo "2007"]
[TimeControl "2700+45"]
[Mode "ICS"]
[Result "1/2-1/2"]

1. e4 e6 2. d4 d5 3. e5 c5 4. Qg4 cxd4 5. Nf3 Nc6 6. Bd3 Qb6 7. O-O Nge7
8. Re1 g6 9. a3 Bg7 10. Nbd2 Qc7 11. Qf4 O-O 12. Qh4 f6 13. exf6 Bxf6 14. Ng5
Bxg5 15. Qxg5 Qf4 16. Qxf4 Rxf4 17. Nf3 Rf8 18. b4 a6 19. Bb2 Rf4 20. Rad1
Bd7 21. h3 Rc8 22. Bc1 Rff8 23. Bb2
{Game drawn by mutual agreement} 1/2-1/2

[Event "FICS Team League T30"]
[Site "FICS, San Jose, California USA"]
[Date "2006.05.06"]
[Time "19:04:07"]
[Round "4"]
[White "arus"]
[Black "Nemisis"]
[WhiteElo "1905"]
[BlackElo "1970"]
[TimeControl "2700+45"]
[Mode "ICS"]
[Result "1-0"]

1. Nf3 Nf6 2. c4 e6 3. Nc3 b6 4. e4 Bb7 5. e5 Ne4 6. d3 Nxc3 7. bxc3 d5
8. d4 c5 9. Rb1 Nd7 10. Be2 Be7 11. O-O Qc7 12. Qa4 Bc6 13. Qc2 dxc4 14. Bxc4
Bxf3 15. gxf3 Rc8 16. Ba6 Rd8 17. Qe4 Nb8 18. Bb5+ Kf8 19. Be3 a6 20. Be2
h6 21. f4 g6 22. Rfd1 b5 23. Bf3 Kg7 24. Rd2 cxd4 25. cxd4 Rd7 26. Rc2 Qd8
27. Rbc1 Qa5 28. Rd1 Rhd8 29. Qd3 Qa3 30. Qe2 b4 31. d5 exd5 32. e6 fxe6
33. Bb6 Re8 34. Bg4 Rd6 35. Qe5+ Kf7 36. Bd4 Rg8 37. Rc7 Nd7 38. Rxd7 Rxd7
39. Qxe6+ Kf8 40. Qxd7 Qa5 41. Rc1
{Black resigns} 1-0

[Event "FICS Team League T30"]
[Site "FICS, San Jose, California USA"]
[Date "2006.05.06"]
[Time "08:06:22"]
[Round "4"]
[White "mandragora"]
[Black "LLIAMAH"]
[WhiteElo "1848"]
[BlackElo "1781"]
[TimeControl "2700+45"]
[Mode "ICS"]
[Result "1-0"]

1. e4 c5 2. Nf3 Nc6 3. d4 cxd4 4. Nxd4 Nf6 5. Nc3 e6 6. Bc4 a6 7. f3 Qc7
8. Bb3 Be7 9. Be3 b5 10. Qd2 Na5 11. g4 Nxb3 12. axb3 Bb7 13. g5 Nh5 14. O-O-O
f5 15. exf5 e5 16. Nde2 Bxf3 17. Rhf1 Bb7 18. Nd5 Bxd5 19. Qxd5 Rc8 20. Qd2
b4 21. Ng3 Nxg3 22. hxg3 Qc6 23. Rf2 a5 24. Rdf1 a4 25. Qd3 e4 26. Qd4 Rf8
27. bxa4 Rxf5 28. b3 Bc5 29. Qd2 Bxe3 30. Qxe3 d5 31. Qd2 Rxf2 32. Qxf2
Qe6 33. Qf8+ Kd7 34. Qxg7+ Qe7 35. Rf7 Re8 36. Qxh7 e3 37. Rxe7+ Rxe7 38. Qf5+
Kd6 39. Qf1 e2 40. Qe1
{Black resigns} 1-0

[Event "FICS Team League T30"]
[Site "FICS, San Jose, California USA"]
[Date "2006.05.06"]
[Time "10:04:48"]
[Round "4"]
[White "ciedan"]
[Black "Doubleletter"]
[WhiteElo "1795"]
[BlackElo "1862"]
[TimeControl "2700+45"]
[Mode "ICS"]
[Result "1-0"]

1. d4 Nf6 2. c4 e6 3. Nf3 b6 4. g3 Bb7 5. Bg2 Be7 6. O-O O-O 7. a3 d5 8. cxd5
exd5 9. Nc3 Nbd7 10. Bg5 h6 11. Bxf6 Nxf6 12. b4 Ne4 13. Nxe4 dxe4 14. Ne1
Bf6 15. Nc2 Re8 16. Rc1 Bg5 17. e3 Ba6 18. Re1 Bd3 19. Na1 a5 20. Bf1 axb4
21. axb4 Ra3 22. Bxd3 Rxd3 23. Qc2 Be7 24. Qxc7 Bxb4 25. Qxd8 Rxd8 26. Red1
Ra8 27. Rb1 Ra2 28. Nb3 Rc3 29. Nd2 Ba5 30. Nxe4 Rcc2 31. Ra1 Rab2 32. Rdb1
f5 33. Rxb2 Rxb2 34. Nd6 g6 35. Nc4 Rb5 36. Nxa5 bxa5 37. Kf1 Kf7 38. Ke1
Ke6 39. Ra2 Kd5 40. Kd2 Kc4 41. Kc2 g5 42. Ra4+ Kd5 43. Kc3 h5 44. Kd3 Rb3+
45. Ke2 Rb5 46. Kf3 Kc6 47. h4 gxh4 48. gxh4 Kb6 49. Kf4 Rb2 50. f3 Kb5
51. Ra1 Kb4 52. Kxf5 a4 53. d5 a3 54. e4 a2 55. d6 Kb3 56. e5 Rf2 57. f4
Kb2 58. Rxa2+ Kxa2 59. e6 Rd2 60. e7 Rxd6 61. e8=Q
{Black resigns} 1-0

[Event "FICS Team League T30"]
[Site "FICS, San Jose, California USA"]
[Date "2006.05.07"]
[Time "17:12:18"]
[Round "4"]
[White "geolas"]
[Black "purplepawns"]
[WhiteElo "1793"]
[BlackElo "1783"]
[TimeControl "2700+45"]
[Mode "ICS"]
[Result "1-0"]

1. e4 e5 2. Nf3 f5 3. Nxe5 Qf6 4. d4 d6 5. Nc4 fxe4 6. Ne3 c6 7. Bc4 d5 8. Bb3 Nh6 9. c4 dxc4 10. Bxc4 Qg6 11. O-O Nd7 12. Nd2 Nf6 13. f3 Bd6 14. fxe4
Bxh2+ 15. Kxh2 Nhg4+ 16. Nxg4 Nxg4+ 17. Kg1 Ne3 18. Bf7+ Qxf7 19. Rxf7 
Bxh2+ Nxd1
20. Rxg7 Ne3 21. Nf3 Nc2 22. Rb1 Bd7 23. Bg5 Bc8 24. Re7+ Kf8 25. Bf6 Ne3 26. Ng5 Ng4 27. Rf7+ Kg8 28. Bxh8 h6 29. Rbf1 Kxh8 30. Rf8+ Kg7 31. Ne6+ Kh7 32. R1f7+ Kg6 33. Nf4+ Kg5 34. Rg7+ Kh4 35. Rgg8 {Black resigns} 1-0

[Event "FICS Team League T30"]
[Site "FICS, San Jose, California USA"]
[Date "2006.05.07"]
[Time "20:02:34"]
[Round "4"]
[White "AlefZero"]
[Black "trajanus"]
[WhiteElo "2191"]
[BlackElo "2066"]
[TimeControl "2700+45"]
[Mode "ICS"]
[Result "1-0"]

1. d4 Nf6 2. Nf3 g6 3. c4 Bg7 4. Nc3 d6 5. Bg5 O-O 6. e3 Nbd7 7. Be2 c6
8. O-O h6 9. Bh4 g5 10. Bg3 Nh5 11. Qc2 Nxg3 12. hxg3 Nf6 13. Rfd1 Qc7 14. Bd3
e5 15. dxe5 dxe5 16. Bf5 Bxf5 17. Qxf5 Rfe8 18. Ne4 Re6 19. Nxf6+ Bxf6 20. Nd2
Bg7 21. Ne4 Rd8 22. c5 Rd5 23. b4 Qd7 24. Nc3 Rd2 25. Rxd2 Qxd2 26. Ne4
Qd8 27. Qg4 b6 28. Rd1 Qc7 29. Qf5 Qe7 30. g4 Qe8 31. Rd3 b5 32. Rd6 a6
33. g3 Qe7 34. Kg2 Qe8 35. Rxe6 Qxe6 36. Qxe6 fxe6 37. Kf3 Kf7 38. Nd6+
Ke7 39. Ke4 Bh8 40. Nb7 Bg7 41. Na5 Kd7 42. Nb3 Ke7 43. Nc1 Bf6 44. Nd3
Bg7 45. Nxe5
{Black resigns} 1-0

[Event "FICS Team League T30"]
[Site "FICS, San Jose, California USA"]
[Date "2006.05.04"]
[Time "22:56:10"]
[Round "4"]
[White "zota"]
[Black "Darmik"]
[WhiteElo "1888"]
[BlackElo "2156"]
[TimeControl "2700+45"]
[Mode "ICS"]
[Result "0-1"]

1. e4 c5 2. Nf3 d6 3. d4 cxd4 4. Nxd4 Nf6 5. Nc3 a6 6. Be3 e5 7. Nb3 Be7
8. f3 O-O 9. Qd2 Be6 10. O-O-O a5 11. Bb5 Na6 12. Qf2 Nc7 13. Bb6 Qc8 14. Ba4
Nd7 15. Bxd7 Qxd7 16. Nc5 Qc6 17. Nxe6 fxe6 18. Bxc7 Qxc7 19. Nb5 Qc4 20. Nxd6
Qxa2 21. Qb6 Bg5+
{White resigns} 0-1

[Event "FICS Team League T30"]
[Site "FICS, San Jose, California USA"]
[Date "2006.05.06"]
[Time "10:01:52"]
[Round "4"]
[White "HyperMagnus"]
[Black "dlf"]
[WhiteElo "2040"]
[BlackElo "2071"]
[TimeControl "2700+45"]
[Mode "ICS"]
[Result "1/2-1/2"]

1. e4 e6 2. d3 d5 3. Nd2 Nf6 4. Ngf3 b6 5. c3 Be7 6. Be2 O-O 7. O-O c5 8. e5
Nfd7 9. d4 cxd4 10. cxd4 Ba6 11. Nb3 Qc8 12. Bf4 Bxe2 13. Qxe2 Qa6 14. Qxa6
Nxa6 15. a3 Rfc8 16. Rac1 h6 17. h4 Kf8 18. h5 Ke8 19. g4 Nf8 20. g5 hxg5 21. Nxg5 Bxg5 22. Bxg5 Kd7 23. Kg2 Nh7 24. f4 Rxc1 25. Rxc1 Rc8 26. Kf3
Rxc1 27. Nxc1 Nf8 28. Nd3 Nb8 29. b4 Nc6 30. Ke3 a6 31. Nf2 Ne7 32. Bxe7
Kxe7 33. a4 Nd7 34. Nd3 a5 35. Kd2 axb4 36. Nxb4 Nb8 37. Kc3 Kd7 38. Nc2
Nc6 39. Ne3 Ne7 40. Kb4 Nc6+ 41. Kc3 Ne7 42. Kb4 Nc6+ 43. Kc3 Ne7 {Game drawn by repetition} 1/2-1/2

[Event "FICS Team League T30"]
[Site "FICS, San Jose, California USA"]
[Date "2006.05.05"]
[Time "11:11:23"]
[Round "4"]
[White "shamrockshire"]
[Black "deionsandersson"]
[WhiteElo "1938"]
[BlackElo "1907"]
[TimeControl "2700+45"]
[Mode "ICS"]
[Result "1-0"]

1. e4 g6 2. d4 d6 3. Nc3 Bg7 4. f4 e6 5. Nf3 Ne7 6. Bd3 a6 7. a4 b6 8. Be3 Bb7 9. O-O h6 10. Qd2 f5 11. Rae1 O-O 12. e5 d5 13. Na2 Nd7 14. c4 c5 15. Nc3 Rc8 16. Rc1 Rc7 17. cxd5 Nxd5 18. Nxd5 Bxd5 19. Bxa6 cxd4 20. Bxd4 Nc5 21. Bxc5 bxc5 22. Rfd1 Qa8 23. Bc4 Rd8 24. Bxd5 Rxd5 25. Qc2 Bf8 26. Nd4 Rxd4 27. Rxd4 cxd4 28. Qxc7 Qxa4 29. Qc4 Qa7 30. Qxe6+ Kh8 31. Kf1 d3 32. Rc8 Qa1+ 33. Kf2
Qxb2+ 34. Kg3 Qa3 35. Qf6+ Kg8 36. Qxg6+ Kh8 37. Qxh6+ Kg8 38. Rxf8+ 
Qxb2+ Qxf8
39. Qxf8+ Kxf8 40. Kf3
{Black resigns} 1-0

[Event "FICS Team League T30"]
[Site "FICS, San Jose, California USA"]
[Date "2006.05.06"]
[Time "10:05:17"]
[Round "4"]
[White "roverch"]
[Black "Relu"]
[WhiteElo "1885"]
[BlackElo "1912"]
[TimeControl "2700+45"]
[Mode "ICS"]
[Result "0-1"]

1. d4 Nf6 2. c4 g6 3. Nc3 Bg7 4. Nf3 O-O 5. e4 d6 6. Be2 e5 7. O-O Nc6 8. d5
Ne7 9. Bg5 h6 10. Bh4 Nh5 11. Ne1 Nf4 12. Bxe7 Nxe2+ 13. Qxe2 Qxe7 14. Rc1
f5 15. f3 Bd7 16. Nd3 c6 17. Qe3 c5 18. b4 cxb4 19. Nxb4 Rac8 20. Qxa7 Rxc4
21. Qxb7 Qg5 22. Qxd7 Qe3+ 23. Kh1 Rxc3 24. Rxc3 Qxc3 25. Qb5 fxe4 26. Nc6
exf3 27. gxf3 Rxf3 28. Qe2 e4 29. Kg2 Rxf1 30. Qxf1 Qd2+ 31. Kh1 Kh7 32. Ne7
Qg5 33. Qf7 Qc1+ 34. Kg2 Qg5+ 35. Kh1 h5 36. Qg8+ Kh6 37. Qd8 Qc1+ 38. Kg2
Qg5+ 39. Kf2 Qf4+ 40. Ke2 Qf3+ 41. Kd2 Bc3+ 42. Kc2 Qd3+
{White resigns} 0-1

[Event "FICS Team League T30"]
[Site "FICS, San Jose, California USA"]
[Date "2006.05.06"]
[Time "01:02:09"]
[Round "4"]
[White "Valiantangel"]
[Black "spendius"]
[WhiteElo "1871"]
[BlackElo "1722"]
[TimeControl "2700+45"]
[Mode "ICS"]
[Result "0-1"]

1. d4 d5 2. c4 e6 3. Nf3 Nf6 4. Nc3 c6 5. cxd5 exd5 6. Qc2 Bd6 7. Bg5 h6 8. Bh4 O-O 9. e3 Nbd7 10. Bd3 Qc7 11. O-O Ng4 12. Bg3 Bxg3 13. hxg3 Ndf6 14. b4 a6 15. a4 Bd7 16. Rfc1 Qd6 17. b5 axb5 18. axb5 Rfc8 19. Rxa8 Rxa8 20. bxc6 Bxc6 21. Qb3 Qa3 22. Nd2 Qxc1+ {White resigns} 0-1

[Event "FICS Team League T30"]
[Site "FICS, San Jose, California USA"]
[Date "2006.05.07"]
[Time "12:34:16"]
[Round "4"]
[White "nimzovit"]
[Black "atilano"]
[WhiteElo "2006"]
[BlackElo "2015"]
[TimeControl "2700+45"]
[Mode "ICS"]
[Result "1-0"]

1. e4 c5 2. Nf3 Nc6 3. d4 cxd4 4. Nxd4 Nf6 5. Nc3 d6 6. Bg5 Bd7 7. Be2 Qa5
8. Bxf6 gxf6 9. O-O Nxd4 10. Qxd4 Rc8 11. a4 Qc5 12. Qd2 a6 13. Nd5 Qxc2
14. Qe3 Qc5 15. Qb3 Qa7 16. Bh5 Be6 17. Nc7+ Rxc7 18. Qxe6 Bh6 19. Bxf7+
Kd8 20. Rad1 Bf4 21. Qg4 Be5 22. Qg7
{Black resigns} 1-0

[Event "FICS Team League T30"]
[Site "FICS, San Jose, California USA"]
[Date "2006.05.06"]
[Time "12:51:12"]
[Round "4"]
[White "Pawns"]
[Black "Amauta"]
[WhiteElo "1969"]
[BlackElo "1936"]
[TimeControl "2700+45"]
[Mode "ICS"]
[Result "1-0"]

1. e4 c5 2. Nf3 Nc6 3. d4 cxd4 4. Nxd4 e5 5. Nb5 d6 6. a4 a6 7. N5a3 h6
8. Bc4 Be6 9. Nc3 Nf6 10. O-O Be7 11. h3 Rc8 12. Be3 O-O 13. f3 Nb4 14. Nd5
Nbxd5 15. exd5 Bd7 16. Bb3 Nh5 17. Nc4 Ng3 18. Re1 b5 19. axb5 Bxb5 20. Nb6
Rb8 21. Nc4 Nf5 22. Bf2 Bh4 23. Bxh4 Nxh4 24. Qd2 Bxc4 25. Bxc4 Rxb2 26. Rxa6
Rb6 27. Ra7 Ng6 28. Rea1 Nf4 29. Kh2 Qh4 30. Bf1 Ng6 31. g3 Qf6 32. Qe3
Rb2 33. Bd3 h5 34. h4 Rfb8 35. Rc7 R2b4 36. Raa7 Rxh4+ 37. Kg2 Nf4+ 38. gxf4
Rxf4 39. Rcb7 Qg5+ 40. Kf2 Qh4+ 41. Ke2 Re8 42. Be4 Rc8 43. Rc7 Qh2+ 44. Qf2
Qh3 45. Qb6 Qg2+ 46. Kd1 Re8 47. Qc6 Qf1+ 48. Kd2 Qf2+ 49. Kc1 Qg1+ 50. Kb2
Rb8+ 51. Rab7 Qd4+ 52. c3 Qd2+ 53. Kb3 Rxb7+ 54. Rxb7 Rxe4 55. fxe4 Qd1+
56. Kb4 Qb1+ 57. Ka5 Qxe4 58. Qe8+ Kh7 59. Qxf7 Qg6 60. Rd7 Qxf7 61. Rxf7
h4 62. c4 Kg8 63. Rf2 e4 64. c5 e3 65. Re2 dxc5 66. d6 Kf7 67. Rxe3 g5 68. d7
{Black resigns} 1-0

[Event "FICS Team League T30"]
[Site "FICS, San Jose, California USA"]
[Date "2006.05.06"]
[Time "02:16:45"]
[Round "4"]
[White "YouFish"]
[Black "zcomcon"]
[WhiteElo "1708"]
[BlackElo "1733"]
[TimeControl "2700+45"]
[Mode "ICS"]
[Result "1-0"]

1. d4 Nf6 2. c4 g6 3. Nc3 Bg7 4. e4 d6 5. f3 Nbd7 6. Be3 O-O 7. g4 e5 8. d5 c6 9. dxc6 bxc6 10. Qxd6 Bb7 11. O-O-O Qa5 12. g5 Nxe4 13. fxe4 Rfd8 14. Qd2 c5 15. Bd3 Rab8 16. Nge2 Nb6 17. Qc2 f5 18. gxf6 Bxf6 19. Kb1 Ba6 20. Rhf1 Nxc4 21. Bxc4+ Bxc4 22. Rxf6 Rxd1+ 23. Qxd1 Bxe2 24. Nxe2 Qb4 25. Qc2 c4 26. Nc3 a5 27. Bc1 a4 28. Nxa4 Kg7 29. Rc6 {Black resigns} 1-0

[Event "FICS Team League T30"]
[Site "FICS, San Jose, California USA"]
[Date "2006.05.08"]
[Time "19:54:35"]
[Round "4"]
[White "javamanissa"]
[Black "MGoo"]
[WhiteElo "1812"]
[BlackElo "1776"]
[TimeControl "2700+45"]
[Mode "ICS"]
[Result "1/2-1/2"]

1. e4 e6 2. d4 c5 3. c3 b6 4. Bf4 cxd4 5. cxd4 Bb4+ 6. Nc3 Ne7 7. Nf3 O-O
8. Bd3 Ba6 9. O-O d5 10. Re1 Bxd3 11. Qxd3 dxe4 12. Qxe4 Nd7 13. a3 Nf6
14. Qd3 Bxc3 15. bxc3 h6 16. Ne5 Ned5 17. Bg3 Rc8 18. c4 Ne7 19. Rac1 Nf5
20. d5 Nxg3 21. hxg3 exd5 22. cxd5 Qxd5 23. Qxd5 Nxd5 24. Nc6 Rfe8 25. Rxe8+
Rxe8 26. Nxa7 Ra8 27. Rc8+ Rxc8 28. Nxc8
{Game drawn by mutual agreement} 1/2-1/2

[Event "FICS Team League T30"]
[Site "FICS, San Jose, California USA"]
[Date "2006.05.06"]
[Time "09:26:02"]
[Round "4"]
[White "danijelo"]
[Black "CelticDeath"]
[WhiteElo "1844"]
[BlackElo "1745"]
[TimeControl "2700+45"]
[Mode "ICS"]
[Result "0-1"]

1. d4 Nf6 2. c4 g6 3. Nc3 Bg7 4. e4 d6 5. Nf3 O-O 6. Be2 e5 7. O-O Nc6 8. d5 Ne7 9. Ne1 Nd7 10. Be3 f5 11. f3 f4 12. Bf2 g5 13. b4 Nf6 14. c5 Ng6 15. Rc1 Rf7 16. a4 Bf8 17. a5 a6 18. Na4 Bd7 19. cxd6 cxd6 20. Nb6 g4 21. Nxa8 g3 22. hxg3 fxg3 23. Bxg3 Nh5 24. Bh2 Qxa8 25. Rc7 Ngf4 26. Bxf4 Nxf4 27. Nd3 Ba4 28. Qxa4 Qa7+ 29. Kh2 Rxc7 30. Nxf4 exf4 31. Qa3 Bg7 32. Rc1 Rxc1 33. Qxc1 Qf2 34. Bd3 Qh4+ 35. Kg1 Bd4+ 36. Kf1 Qf2# {White checkmated} 0-1

[Event "FICS Team League T30"]
[Site "FICS, San Jose, California USA"]
[Date "2006.05.06"]
[Time "15:00:16"]
[Round "4"]
[White "Vzevolodovitch"]
[Black "spendius"]
[WhiteElo "1689"]
[BlackElo "1708"]
[TimeControl "2700+45"]
[Mode "ICS"]
[Result "1-0"]

1. e4 c6 2. d4 d5 3. Nc3 dxe4 4. Nxe4 Nf6 5. Ng3 h5 6. h4 Bg4 7. Be2 Nbd7
8. Nf3 e6 9. c4 Bd6 10. Nf1 Qc7 11. N1h2 Bf5 12. c5 Bf4 13. g3 Bxg3 14. Bd3
Bxd3 15. Qxd3 Bxh2 16. Nxh2 O-O-O 17. Qa3 a6 18. Be3 Nd5 19. O-O-O Nxe3
20. Qxe3 Nf6 21. Kb1 Nd5 22. Qb3 Qe7 23. Nf3 Nf4 24. Rd2 Ng6 25. Rh3 Rd7
26. Ng5 f6 27. Nxe6 Rd5 28. Re3 Ne5 29. Nf4 Qd7 30. Nxd5 Qxd5 31. Qxd5 cxd5
32. dxe5
{Black resigns} 1-0

[Event "FICS Team League T30"]
[Site "FICS, San Jose, California USA"]
[Date "2006.05.07"]
[Time "18:02:01"]
[Round "4"]
[White "seberg"]
[Black "Cilia"]
[WhiteElo "1728"]
[BlackElo "1665"]
[TimeControl "2700+45"]
[Mode "ICS"]
[Result "0-1"]

1. e4 c5 2. Nf3 g6 3. d4 cxd4 4. Nxd4 Nc6 5. Nc3 Bg7 6. Be3 Nf6 7. Be2 O-O
8. Qd2 d6 9. h4 Nxd4 10. Bxd4 Re8 11. O-O-O Be6 12. h5 Qa5 13. hxg6 fxg6
14. Bxf6 Bxf6 15. Qh6 Bg5+ 16. f4 Bxh6 17. Rxh6 Kg7 18. f5
{White resigns} 0-1

[Event "FICS Team League T30"]
[Site "FICS, San Jose, California USA"]
[Date "2006.05.05"]
[Time "08:02:07"]
[Round "4"]
[White "Cantopani"]
[Black "scandium"]
[WhiteElo "1817"]
[BlackElo "1730"]
[TimeControl "2700+45"]
[Mode "ICS"]
[Result "1/2-1/2"]

1. c4 e6 2. Nc3 c5 3. Nf3 Nc6 4. e4 a6 5. d4 cxd4 6. Nxd4 Bb4 7. Nxc6 bxc6
8. Qg4 Bxc3+ 9. bxc3 Qf6 10. Bd2 Rb8 11. f4 d5 12. e5 Qg6 13. Qxg6 hxg6
14. Bd3 Rb2 15. h3 Ne7 16. c5 a5 17. Ke2 Nf5 18. Bxf5 gxf5 19. Rhb1 Ba6+
20. Ke3 Rxb1 21. Rxb1 O-O 22. Rb6 Bb5 23. Be1 a4
{Game drawn by mutual agreement} 1/2-1/2

[Event "FICS Team League T30"]
[Site "FICS, San Jose, California USA"]
[Date "2006.05.06"]
[Time "19:02:20"]
[Round "4"]
[White "vibi"]
[Black "ccucina"]
[WhiteElo "1631"]
[BlackElo "1689"]
[TimeControl "2700+45"]
[Mode "ICS"]
[Result "1-0"]

1. d4 d5 2. c4 Nf6 3. Nc3 e6 4. Bg5 Be7 5. Nf3 h6 6. Bh4 Nc6 7. e3 Ne4 8. Bxe7
Qxe7 9. Rc1 Qb4 10. Qc2 Bd7 11. a3 Qa5 12. Qb1 O-O 13. Bd3 f5 14. cxd5 exd5
15. O-O Be8 16. Nxd5 Kh8 17. Bxe4 fxe4 18. Qxe4 Bf7 19. Rc5 Bxd5 20. Qxd5
Qa4 21. Qc4 Qxc4 22. Rxc4 Rf6 23. d5 Na5 24. Rxc7 Rb6 25. b4 Rb5 26. bxa5
Rxd5 27. Rxb7 Rxa5 28. Rfb1 Kh7 29. R1b3 Rc8 30. g3 Rc1+ 31. Kg2 Ra1 32. Nd2
R1xa3 33. Rxa3 Rxa3 34. Kf3 Ra2 35. Ne4 a5 36. Ra7 Kg6 37. g4 Ra1 38. Ra6+
Kf7 39. h4 g6 40. Nc5 h5 41. gxh5 gxh5 42. Nb3 Rh1 43. Rxa5 Rxh4 44. Kg3
Rg4+ 45. Kh3 Kg6 46. f3 Rb4 47. Nd4 Rc4 48. Kh4 Rc3 49. Ra6+ Kh7 50. Nf5
Rc5 51. Rh6+ Kg8 52. Rxh5 Rc4+ 53. e4 Rc3 54. Kg4 Kf7 55. f4 Rc4 56. Nd6+
{Black resigns} 1-0

[Event "FICS Team League T30"]
[Site "FICS, San Jose, California USA"]
[Date "2006.05.07"]
[Time "08:02:25"]
[Round "4"]
[White "GadsHill"]
[Black "delirioit"]
[WhiteElo "1642"]
[BlackElo "1713"]
[TimeControl "2700+45"]
[Mode "ICS"]
[Result "1-0"]

1. d4 Nf6 2. c4 g6 3. Nc3 d5 4. Nf3 Bg7 5. Bg5 O-O 6. e3 c5 7. dxc5 Qa5
8. Rc1 Ne4 9. Qc2 Nxg5 10. Nxg5 dxc4 11. Bxc4 Qxc5 12. Bxf7+ Rxf7 13. Nxf7
Kxf7 14. O-O Bxc3 15. Qb3+ e6 16. Rxc3 Qe7 17. Rxc8
{Black resigns} 1-0

[Event "FICS Team League T30"]
[Site "FICS, San Jose, California USA"]
[Date "2006.05.07"]
[Time "01:58:19"]
[Round "4"]
[White "Aul"]
[Black "ccaseiro"]
[WhiteElo "1625"]
[BlackElo "1520"]
[TimeControl "2700+45"]
[Mode "ICS"]
[Result "0-1"]

1. d4 Nf6 2. e3 g6 3. Bd3 Bg7 4. Nd2 O-O 5. f4 c6 6. Ngf3 b5 7. a3 d6 8. b4
Nbd7 9. O-O Nd5 10. Ne4 N7b6 11. Bd2 Bg4 12. h3 Bxf3 13. Rxf3 a5 14. bxa5
Nc4 15. Bxc4 bxc4 16. Qf1 c5 17. Qxc4 Nc7 18. Nc3 cxd4 19. exd4 d5 20. Qa4
Rc8 21. Nb5 Nxb5 22. Rb1 Nxd4 23. Rff1 e5 24. fxe5 Qh4 25. Qd7 Ne2+ 26. Kh1
Ng3+ 27. Kg1 Nxf1 28. Rxf1 Qd4+ 29. Kh1 Qxd2 30. Rxf7 Qd1+ 31. Kh2 Bxe5+
32. g3 Qxc2+ 33. Kh1 Rxf7 34. Qxd5 Rb8 35. Qxe5 Rb1+
{White resigns} 0-1

[Event "FICS Team League T30"]
[Site "FICS, San Jose, California USA"]
[Date "2006.05.07"]
[Time "11:59:00"]
[Round "4"]
[White "bahus"]
[Black "Cadger"]
[WhiteElo "1830"]
[BlackElo "1782"]
[TimeControl "2700+45"]
[Mode "ICS"]
[Result "0-1"]

1. e4 e5 2. Nf3 Nc6 3. d4 exd4 4. Bc4 Bb4+ 5. c3 dxc3 6. O-O d6 7. Nxc3
Bxc3 8. bxc3 Be6 9. Bb5 Ne7 10. Nd4 Bd7 11. Bc4 O-O 12. f4 Kh8 13. Qd3 f5
14. exf5 Nxd4 15. cxd4 Bxf5 16. Qb3 d5 17. Be2 Rb8 18. Ba3 c6 19. Rac1 Re8
20. Bf3 Ng8 21. Bc5 b6 22. Ba3 Qf6 23. Qa4 Rbc8 24. Bb2 Be4 25. Qxa7 Ra8
26. Qb7 Bxf3 27. Rxf3 Rxa2 28. Qxb6 Re2 29. Rxc6 Qh4 30. Rg3 Qxf4 31. Rf3
Qd2 32. Rg6 Re1+ 33. Rf1 Qe3+
{White resigns} 0-1

[Event "FICS Team League T30"]
[Site "FICS, San Jose, California USA"]
[Date "2006.05.07"]
[Time "01:04:36"]
[Round "4"]
[White "torspo"]
[Black "TryAnything"]
[WhiteElo "1674"]
[BlackElo "1682"]
[TimeControl "2700+45"]
[Mode "ICS"]
[Result "1-0"]

1. e4 e5 2. Nf3 Nc6 3. d4 exd4 4. Nxd4 Nf6 5. Nc3 Bb4 6. Nxc6 Bxc3+ 7. bxc3
bxc6 8. Bd3 O-O 9. O-O d6 10. Bg5 h6 11. Bh4 Bg4 12. Bxf6 Bxd1 13. Bxd8
Rfxd8 14. Rfxd1 d5 15. exd5 cxd5 16. Rab1 c6 17. Rb7 Rdb8 18. Rdb1 Rxb7
19. Rxb7 g6 20. g3 c5 21. c4 d4 22. Rc7 a5 23. Rxc5 Rb8 24. Rxa5 Rb1+ 25. Kg2
{Black resigns} 1-0

[Event "FICS Team League T30"]
[Site "FICS, San Jose, California USA"]
[Date "2006.05.07"]
[Time "22:11:16"]
[Round "4"]
[White "twotowers"]
[Black "LLIAMAH"]
[WhiteElo "1696"]
[BlackElo "1774"]
[TimeControl "2700+45"]
[Mode "ICS"]
[Result "0-1"]

1. Nf3 d5 2. g3 c6 3. Bg2 Nf6 4. O-O Nbd7 5. d3 e5 6. Nbd2 Bd6 7. e4 d4
8. Nc4 Bc7 9. a4 h6 10. c3 c5 11. Nh4 Nb6 12. f4 Nxc4 13. dxc4 O-O 14. fxe5
Bxe5 15. Nf3 Bg4 16. Qe1 Bxf3 17. Bxf3 Qe7 18. cxd4 cxd4 19. Ra3 Qc5 20. b3
Rad8 21. Kh1 Rd6 22. Ra2 Rfd8 23. Ba3 Qc7 24. Bxd6 Rxd6 25. Rd2 Nd7 26. Qc1
Nc5 27. Qc2 a5 28. Bg2 f6 29. Qd1 Qb6 30. Rb2 Nxa4 31. Ra2 Nc5 32. Rf3 Nxe4
33. b4 axb4 34. Ra8+ Kf7 35. Rf5 Ng5 36. Rxe5 fxe5 37. Qf1+ Rf6 38. Bd5+
Ke7 39. Qe2 d3 40. Qxe5+ Ne6 41. Rb8 d2 42. Qe2 Qf2 43. Rxb7+ Kd8 44. Rb8+
Kd7 45. Rb7+ Nc7 46. Qg4+ Kd6 47. Rb6+ Qxb6
{White resigns} 0-1